 Dungeon Crawl Stone Soup version 0.28-a0-1234-g826d19b2e0 (webtiles) character file.

Game seed: 11304858432641368386

105284 tilp the Bludgeoner (level 15, 0/131 (134) HPs)
             Began as a Grey Draconian Cinder Acolyte on Dec 24, 2021.
             Was a High Priest of Ignis.
             Slain by a sixfirhy (12 damage)
             ... summoned by an orc sorcerer
             ... on level 2 of the Orcish Mines.
             The game lasted 00:41:36 (22614 turns).

tilp the Bludgeoner (DrCA)                         Turns: 22614, Time: 00:41:37

HP:   0/131 (134)   AC: 26    Str: 17    XL:     15   Next: 94%
MP:   28/28         EV: 15    Int: 29    God:    Ignis [*****.]
Gold: 1933          SH:  5    Dex: 13    Spells: 19/32 levels left

rFire   + . .      SeeInvis .   a - +5 eveningstar (freeze)
rCold   . . .      Faith    .   c - +0 buckler
rNeg    . . .      Spirit   .   (armour unavailable)
rPois   .          Reflect  .   D - +2 hat
rElec   .          Harm     .   P - +0 cloak "Judiust" {Will+ Regen+ Int+3 Stlth+}
rCorr   .          Rampage  .   F - +1 pair of gloves of Pathos {Int+5}
Will    ++...                   k - +2 pair of boots
Stlth   +++++.....              J - amulet of regeneration
HPRegen 1.91/turn               f - +4 ring of protection
MPRegen 0.21/turn               H - +6 ring of dexterity

@: lightly drained
A: AC +14, amphibious, unfitting armour, cold-blooded
a: Renounce Religion, Fiery Armour, Foxfire Swarm, Rising Flame


You were on level 2 of the Orcish Mines.
You worshipped Ignis.
Ignis was extremely pleased with you.
You visited 3 branches of the dungeon, and saw 19 of its levels.
You also visited: Ossuary and Volcano.

You collected 1933 gold pieces.

Inventory:

Hand Weapons
 a - a +5 eveningstar of freezing (weapon)
Missiles
 g - 4 throwing nets
 j - 16 boomerangs
 n - 594 stones
 u - 50 poisoned darts (quivered)
 w - 5 silver javelins
Armour
 c - a +0 buckler (worn)
 k - a +2 pair of boots (worn)
 D - a +2 hat (worn)
 F - the +1 pair of gloves of Pathos (worn) {Int+5}
   (You acquired it on level 7 of the Dungeon)

   Int:       It affects your intelligence (+5).
 P - the +0 cloak "Judiust" (worn) {Will+ Regen+ Int+3 Stlth+}
   (You found it on level 4 of the Lair of Beasts)

   Int:       It affects your intelligence (+3).
   Regen:     It increases your rate of health regeneration.
   Will:      It increases your willpower.
   Stlth:     It makes you more stealthy.
Magical Staves
 M - a staff of death
 T - a staff of fire
Jewellery
 f - a +4 ring of protection (left hand)
 i - an amulet of magic regeneration
 m - a ring of protection from cold
 y - an amulet of reflection
 z - an amulet of the acrobat
 H - a +6 ring of dexterity (right hand)
 I - a ring of ice
 J - an amulet of regeneration (around neck)
 O - an amulet of guardian spirit
 X - a ring of flight
Wands
 q - a wand of paralysis (13)
 s - a wand of flame (88)
 K - a wand of charming (9)
 N - a wand of digging (5)
 R - a wand of acid (3)
 V - a wand of iceblast (3)
Scrolls
 x - a scroll of magic mapping
 E - a scroll of amnesia
 G - 2 scrolls of brand weapon
 U - a scroll of enchant armour
 Z - a scroll of fog
Potions
 d - 7 potions of invisibility
 e - 4 potions of brilliance
 h - 7 potions of curing
 l - a potion of heal wounds
 o - 5 potions of lignification
 p - 3 potions of resistance
 r - 2 potions of flight
 t - 7 potions of mutation
 v - 3 potions of cancellation
 A - 3 potions of berserk rage
 C - 8 potions of haste
 L - 8 potions of ambrosia
 S - 3 potions of magic
 W - 3 potions of might


   Skills:
 + Level 12.9 Fighting
 - Level 16.0 Maces & Flails
 - Level 8.2 Dodging
 - Level 8.6 Stealth
 - Level 4.0 Shields
 - Level 9.0 Spellcasting
 - Level 4.0 Translocations
 - Level 6.0 Fire Magic
 - Level 4.0 Ice Magic
 - Level 8.0 Evocations


You had 19 spell levels left.
You knew the following spells:

 Your Spells              Type           Power      Damage    Failure   Level
a - Scorch                Fire           94%        2d9       1%          2
b - Foxfire               Conj/Fire      100%       2x1d9     1%          1
c - Ozocubu's Armour      Ice            36%        N/A       2%          3
d - Blink                 Tloc           72%        N/A       1%          2
e - Manifold Assault      Tloc           36%        N/A       22%         5

Your spell library contained the following spells:

 Spells                   Type           Power      Damage    Failure   Level
 Freeze                   Ice            100%       1d11      1%          1
 Frozen Ramparts          Ice            72%        1d9       2%          3
 Magic Dart               Conj           52%        1d5       4%          1
 Pain                     Necr           52%        1d6       4%          1
 Sandblast                Erth           26%        2d8       4%          1
 Portal Projectile        Hex/Tloc       48%        N/A       5%          3
 Corpse Rot               Necr/Air       26%        N/A       6%          2
 Passwall                 Tmut/Erth      10%        N/A       6%          2
 Poisonous Vapours        Pois/Air       26%        N/A       6%          2
 Searing Ray              Conj           26%        2d5       6%          2
 Call Canine Familiar     Summ           13%        N/A       12%         3
 Stone Arrow              Conj/Erth      26%        3d8       12%         3
 Swiftness                Air            13%        N/A       12%         3
 Hailstorm                Conj/Ice       24%        3d7       19%         4
 Fulminant Prism          Conj/Hex       6%         3d7       38%         4
 Leda's Liquefaction      Hex/Erth       6%         N/A       38%         4
 Metabolic Englaciation   Hex/Ice        12%        N/A       45%         5
 Simulacrum               Ice/Necr       12%        N/A       95%         6
 Storm Form               Tmut/Air       6%         N/A       100%        7


Dungeon Overview and Level Annotations

Branches:
Dungeon (11/15)            Temple (0/1) D:4            Lair (6/6) D:8
  Swamp (0/4) Lair:4        Snake (0/4) Lair:4        Slime (0/5) Lair:5
    Orc (2/2) D:9             Elf (0/3) Orc:2       Ossuary (visited)
Volcano (visited)

Altars:
Cheibriados
Fedhas
Hepliaklqana
Nemelex Xobeh
Qazlal
Sif Muna
Wu Jian
Zin
The Shining One


Innate Abilities, Weirdness & Mutations

Your dull iron-grey scales are very hard. (AC +14)
You are amphibious.
You cannot fit into any form of body armour.
You are cold-blooded and may be slowed by cold attacks.


Message History

You block the orc's attack. The orc wizard barely misses you.
The warg bites you but does no damage. The orc warrior barely misses you.
The orc misses you. The orc warrior barely misses you.
You block the orc's attack. The orc warrior closely misses you.
The orc warrior hits you but does no damage.
Unknown command.
Okay, then.
Okay, then.
You closely miss the orc. You tail-slap the orc.
The orc is heavily wounded.
The orc priest looks braver for a moment.
The warg barely misses you. The orc misses you.
The orc wizard casts a spell.
The orc wizard flickers and vanishes!
Deactivating autopickup; reactivate with Ctrl-A.
The orc warrior misses you.
The orc priest invokes the aid of Beogh against you.
Beogh smites you!
* * * LOW HITPOINT WARNING * * *
The orc barely misses you.
The orc warrior hits you but does no damage.
The orc barely misses you.
Unknown command.
You puncture the orc! You freeze the orc.
You kill the orc!
The orc warrior barely misses you. x2; The warg closely misses you.
The orc high priest prays to Beogh.
The orc priest closely misses you. The sixfirhy hits you.
* * * LOW HITPOINT WARNING * * *
The sixfirhy shocks you!
* * * LOW HITPOINT WARNING * * *
The orc warrior hits you but does no damage.
Unknown command.
The red devil disappears in a puff of smoke!
The sixfirhy misses you. The sixfirhy closely misses you. x2
The orc priest casts a cantrip, but nothing happens.
The chaos spawn barely misses you. The sixfirhy hits you!
* * * LOW HITPOINT WARNING * * *
The sixfirhy shocks you!
You die...

.................
##.....$.........
.....#...................
..#.#....................
..............<..........
.........................
.....>.........$.........
.$..............4.......$
.............$.o@{ooo.#..
..............o.3oo....#
...........$..oohooo....#
..............o.ooo§...##
.....3......#...o3oo#...## #
................o4.......#.#
..................3.........
................$..3.......#
............$...........o...


You could see 2 soul eaters, an orc high priest, a sun demon (summoned), a
sixfirhy (summoned), a chaos spawn (summoned), a warg, an orc sorcerer, a red
devil (summoned), 6 orc warriors, 4 orc priests, 2 orc wizards and 6 orcs.

Vanquished Creatures
  Rupert (Lair:3)
  A red draconian (Volcano)
  A fire dragon (Lair:6)
  An ice dragon (Lair:4)
  2 boulder beetles
  5 hydras
  A catoblepas (Lair:5)
  A centaur warrior (Volcano)
  The ghost of Yorgos the Cleaver, a journeyman DjBe of Trog (D:10)
  A two-headed ogre (D:9)
  An orc high priest (Orc:2)
  12 death yaks
  A swamp dragon (Lair:6)
  A wolf spider (Lair:6)
  5 lindwurms
  Pikel (D:9)
  2 oklob plants
  A manticore (Lair:6)
  2 orc sorcerers (Orc:1)
  A cyclops (Orc:1)
  8 black mambas
  6 elephants (Lair:5)
  A guardian serpent (Lair:6)
  20 cane toads
  5 rime drakes
  Maggie (D:9)
  Psyche (D:9)
  8 komodo dragons
  An unseen horror (D:10)
  A yaktaur (Volcano)
  5 trolls
  8 polar bears
  A queen bee (D:11)
  A tyrant leech (Lair:4)
  3 hornets
  19 blink frogs
  6 dream sheep
  Grinder (D:5)
  Sigmund (D:5)
  A dire elephant simulacrum (Lair:4)
  A shadow (D:11)
  A spriggan (D:10)
  47 yaks
  2 vampires
  A redback (Lair:6)
  2 wraiths
  11 wyverns
  7 basilisks
  2 vampire mosquitoes (D:11)
  A steam dragon (Lair:6)
  2 swamp worms (Lair:4)
  A warg (Orc:1)
  2 nagas (Lair:4)
  2 hell hounds (Orc:1)
  23 water moccasins
  3 acid dragons (Lair:6)
  A swamp drake (Lair:6)
  An ice beast (D:6)
  11 orc warriors
  7 ogres
  A lemure (D:9)
  8 centaurs
  7 wolves
  A phantom (D:6)
  A kobold brigand (D:9)
  10 bullfrogs
  Blork the orc (D:4)
  A gnoll sergeant (D:7)
  2 two-headed ogre simulacra (Lair:4)
  13 scorpions
  28 killer bees (D:11)
  9 wights
  4 howler monkeys
  2 electric eels (Lair:2)
  8 centaur zombies
  A gnoll shaman (D:9)
  3 centaur skeletons (D:7)
  3 hounds
  A bullfrog skeleton (D:6)
  9 orc priests
  2 jellies
  Terence (D:2)
  8 iguanas
  12 orc wizards
  10 hell rats
  6 scorpion zombies (Ossuary)
  A spriggan simulacrum (Lair:4)
  A wolf simulacrum (Lair:4)
  3 mummies (Ossuary)
  A howler monkey zombie (D:10)
  12 gnolls
  6 adders
  A howler monkey skeleton (D:5)
  5 white imps
  2 ufetubi
  An adder skeleton (D:3)
  A worm (D:2)
  3 dart slugs
  45 orcs
  6 ball pythons
  5 endoplasms
  A giant cockroach (D:2)
  3 goblins
  9 hobgoblins
  14 jackals
  4 quokkas
  3 bats
  4 frilled lizards
  4 goblin zombies (Ossuary)
  5 hobgoblin zombies (Ossuary)
  16 kobolds
  2 kobold zombies (Ossuary)
  2 orc zombies (Ossuary)
  4 rats
  A bush (Lair:4)
585 creatures vanquished.

Vanquished Creatures (collateral kills)
  3 oklob plants (Lair:5)
3 creatures vanquished.

Vanquished Creatures (others)
  An iguana (Lair:6)
  41 fungi
  71 plants
113 creatures vanquished.

Grand Total: 701 creatures vanquished

Notes
Turn   | Place    | Note
-------+----------+-------------------------------------------
     0 | D:1      | tilp the Draconian Cinder Acolyte began the quest for the
                  | Orb.
     0 | D:1      | Reached XP level 1. HP: 19/19 MP: 2/2
   293 | D:1      | Found a faded altar of an unknown god.
   352 | D:1      | Reached XP level 2. HP: 26/26 MP: 3/3
   355 | D:1      | Learned a level 2 spell: Scorch
   772 | D:1      | Reached skill level 1 in Shields
  1147 | D:2      | Noticed Terence
  1193 | D:2      | Reached XP level 3. HP: 25/31 MP: 2/4
  1519 | D:2      | Reached skill level 1 in Dodging
  1519 | D:2      | Reached skill level 1 in Stealth
  1519 | D:2      | Reached XP level 4. HP: 38/40 MP: 0/5
  3390 | D:3      | Noticed a scorpion
  3415 | D:3      | Reached XP level 5. HP: 46/46 MP: 2/6
  3693 | D:4      | You fall into a shaft and drop 1 floor!
  3693 | D:5      | Entered Level 5 of the Dungeon
  3704 | D:4      | Noticed Blork the orc
  3722 | D:4      | Killed Blork the orc
  3723 | D:4      | Reached skill level 4 in Maces & Flails
  3723 | D:4      | Reached XP level 6. HP: 38/52 MP: 2/7
  3941 | D:4      | Found a glowing silver altar of Zin.
  4131 | D:4      | Found an ornate altar of the Wu Jian Council.
  4175 | D:4      | Found a staircase to the Ecumenical Temple.
  4295 | D:4      | Found a blossoming altar of Fedhas.
  4297 | D:4      | Found a sparkling altar of Nemelex Xobeh.
  4421 | D:4      | Identified a scroll of acquirement
  4421 | D:4      | Acquired a +4 eveningstar of protection
  4562 | D:2      | Killed Terence
  4666 | D:5      | Identified the +6 mace of the Vanishing Tales {vorpal, rC+
                  | rCorr}
  4683 | D:5      | Reached skill level 5 in Maces & Flails
  4706 | D:5      | Noticed a troll
  4715 | D:5      | Killed a troll
  4716 | D:5      | Reached skill level 6 in Maces & Flails
  4716 | D:5      | Your scales start taking on a dull iron-grey colour.
  4716 | D:5      | Reached XP level 7. HP: 41/59 MP: 8/8
  4831 | D:5      | Noticed Sigmund
  4842 | D:5      | Killed Sigmund
  4843 | D:5      | Reached skill level 7 in Maces & Flails
  5157 | D:5      | Reached XP level 8. HP: 35/66 MP: 7/9
  5265 | D:5      | Reached skill level 8 in Maces & Flails
  5519 | D:5      | Noticed Grinder
  5525 | D:5      | Killed Grinder
  5898 | D:6      | Reached skill level 5 in Fire Magic
  5963 | D:6      | Found a sand-covered staircase.
  6041 | Ossuary  | Entered an ossuary
  6128 | Ossuary  | Reached skill level 9 in Maces & Flails
  6198 | Ossuary  | Reached XP level 9. HP: 69/71 MP: 10/10
  6459 | D:6      | Reached skill level 10 in Maces & Flails
  6459 | D:6      | Reached skill level 1 in Evocations
  7504 | D:6      | Identified the +5 short sword of the Undead {vorpal, rN+++
                  | Str-4 SInv Stlth+}
  8096 | D:7      | Found a hazy altar of Hepliaklqana.
  8096 | D:7      | Found a glowing golden altar of the Shining One.
  8133 | D:7      | Reached skill level 5 in Fighting
  8351 | D:7      | Acquired the +1 pair of gloves of Pathos {Int+5}
  8358 | D:7      | Acquired a +2 hat
  8423 | D:8      | Reached XP level 10. HP: 68/83 MP: 11/11
  8716 | D:8      | Reached skill level 5 in Dodging
  9152 | D:8      | Found a staircase to the Lair.
  9844 | D:9      | Noticed Psyche
  9844 | D:9      | Paralysed by Psyche for 3 turns
  9882 | D:9      | Noticed Pikel
  9883 | D:9      | Found a staircase to the Orcish Mines.
  9894 | D:9      | Killed Pikel
  9895 | D:9      | Reached skill level 11 in Maces & Flails
  9895 | D:9      | Reached skill level 5 in Stealth
 10027 | D:9      | Noticed a two-headed ogre
 10036 | D:9      | Killed a two-headed ogre
 10042 | D:9      | Noticed Maggie
 10096 | D:9      | Killed Maggie
 10097 | D:9      | Reached XP level 11. HP: 73/92 MP: 12/12
 10632 | D:9      | Found a staircase to the Orcish Mines.
 10974 | D:9      | Killed Psyche
 11043 | D:10     | Entered Level 10 of the Dungeon
 11108 | D:10     | Found a large runed translucent door.
 11108 | D:10     | Found a large runed translucent door.
 11121 | D:10     | Noticed Yorgos's ghost (journeyman DjBe)
 11228 | D:10     | Found a snail-covered altar of Cheibriados.
 11228 | D:10     | Found a stormy altar of Qazlal.
 11387 | D:10     | Found a shimmering blue altar of Sif Muna.
 11768 | D:11     | Reached skill level 12 in Maces & Flails
 11885 | D:11     | Reached skill level 13 in Maces & Flails
 11978 | D:11     | Noticed a boulder beetle
 12004 | D:11     | Killed a boulder beetle
 12539 | Lair:1   | Entered Level 1 of the Lair of Beasts
 12729 | Lair:1   | Reached skill level 14 in Maces & Flails
 12783 | Lair:1   | Noticed a lindwurm
 12794 | Lair:1   | Noticed a lindwurm
 12796 | Lair:1   | Killed a lindwurm
 12800 | Lair:1   | Killed a lindwurm
 12801 | Lair:1   | Reached XP level 12. HP: 65/101 MP: 13/13
 12997 | Lair:1   | Reached skill level 15 in Maces & Flails
 14261 | Lair:2   | Reached skill level 16 in Maces & Flails
 14891 | Lair:3   | Noticed Rupert
 14949 | Lair:3   | Paralysed by Rupert for 7 turns
 15065 | D:10     | Killed Yorgos's ghost
 15132 | D:10     | Got Sif Muna's Compendium of Darkness
 15136 | D:10     | Got Sif Muna's Handbook of the Volcanoes
 15139 | D:10     | Learned a level 1 spell: Foxfire
 15991 | Lair:4   | Noticed a six-headed hydra
 15998 | Lair:4   | Killed a six-headed hydra
 16104 | Lair:4   | Found a staircase to the Snake Pit.
 16188 | Lair:4   | Reached XP level 13. HP: 111/111 MP: 14/14
 16761 | Lair:4   | Found a staircase to the Swamp.
 16976 | Lair:4   | Reached skill level 10 in Fighting
 16987 | Lair:4   | Identified the +0 cloak "Judiust" {Will+ Regen+ Int+3
                  | Stlth+}
 17586 | Lair:5   | Reached skill level 5 in Spellcasting
 18305 | Lair:6   | Entered Level 6 of the Lair of Beasts
 18397 | Lair:5   | Reached XP level 14. HP: 108/121 MP: 26/26
 18719 | Lair:5   | Paralysed by a hornet for 2 turns
 18858 | Lair:6   | Paralysed by a hornet for 3 turns
 19165 | Lair:6   | Learned a level 3 spell: Ozocubu's Armour
 19168 | Lair:6   | Learned a level 2 spell: Blink
 19215 | Lair:6   | Reached skill level 1 in Translocations
 19215 | Lair:6   | Reached skill level 1 in Ice Magic
 19539 | Lair:6   | Reached skill level 5 in Evocations
 19542 | Lair:6   | Identified the +3 rapier "Orb Guardian's Foe" {vorpal,
                  | rPois rC- rCorr Dex-4}
 20484 | Lair:5   | Found a staircase to the Slime Pits.
 20965 | Lair:3   | Paralysed by Rupert for 2 turns
 20974 | Lair:3   | Killed Rupert
 21813 | Orc:1    | Entered Level 1 of the Orcish Mines
 21859 | Orc:1    | Found a dark tunnel.
 21869 | Volcano  | Entered a volcano
 21890 | Volcano  | Found a burning altar of Makhleb.
 22191 | Orc:1    | Reached XP level 15. HP: 134/134 MP: 28/28
 22198 | Orc:1    | Learned a level 5 spell: Manifold Assault
 22209 | Orc:2    | Entered Level 2 of the Orcish Mines
 22214 | Orc:2    | Paralysed by an orc sorcerer for 6 turns
 22218 | Orc:2    | Found a staircase to the Elven Halls.
 22614 | Orc:2    | Slain by a sixfirhy

Illustrated notes

Levels and vault maps discovered:
D:1:      giann_wishing_wells, layout_loops_ring, basic_ecumenical_altar
D:2:      layout_basic, eino_tiny_chamber, grunt_ministairs_13, minmay_circle_x,
          uniq_terence
D:3:      layout_basic
D:4:      layout_loops_ring, mainiacjoe_overflow_chevrons,
          nicolae_overflow_hidden_temple, minmay_temple_entry_mist,
          uniq_blork_the_orc
D:5:      layout_gridville, uniq_grinder, uniq_sigmund
D:6:      layout_basic, enter_ossuary_3
D:7:      layout_cave_pools, jmf_multi_god_temple
D:8:      layout_cave_pools, minmay_lair_entry_grove
D:9:      layout_loops_corners, david_orc_2, uniq_psyche, uniq_maggie,
          uniq_pikel
D:10:     layout_gridville, mainiacjoe_overflow_divided_tiny,
          nicolae_sif_muna_little_library, ebering_ghost_disaster_area,
          the_hattery
D:11:     layout_roguey [special_room_bee]
Lair:1:   layout_layer_cave, minmay_stone_trees_small, nicolae_lair_lindhole,
          grunt_megastairs_5
Lair:2:   layout_chaotic_city, serial_bayou_shore_a
Lair:3:   layout_regular_city, grunt_megastairs_4, serial_bayou_shore_b,
          uniq_rupert
Lair:4:   dreamdust_isle_of_ice, layout_gridlike, palyth_hydra_swamp_entry,
          minmay_snake_entry_guardpost_small, columned_hall_lemuel,
          minmay_lair_oklob_bushes
Lair:5:   layout_roguey, minmay_slime_entry_oklob_enclosed, beast_lair_carwin_4
Lair:6:   hangedman_lair_tendril_chambers, layout_regular_city,
          guppyfry_lair_end_dragon
Orc:1:    layout_caves, enter_volcano_3
Orc:2:    st_orc_pillars, layout_caves

Skill      XL: |  1  2  3  4  5  6  7  8  9 10 11 12 13 14 |
---------------+-------------------------------------------+-----
Shields        | 1 2 3 4 |  4.0
Dodging        | 1 2 3 6 7 8 |  8.2
Stealth        | 1 2 4 5 6 7 8 |  8.6
Fighting       | 4 5 7 8 9 10 12 | 12.9
Maces & Flails | 4 6 7 9 10 11 14 16 | 16.0
Fire Magic     | 6 |  6.0
Evocations     | 4 8 |  8.0
Spellcasting   | 8 9 |  9.0
Translocations | 4 |  4.0
Ice Magic      | 4 |  4.0

Action                   |  1- 3 |  4- 6 |  7- 9 | 10-12 | 13-15 || total
-------------------------+-------+-------+-------+-------+-------++-------
Melee: Mace              |    54 |    94 |     2 |       |       ||   150
       Tailslap          |     3 |     3 |    28 |    78 |   160 ||   272
       Eveningstar       |       |     3 |   257 |   649 |   958 ||  1867
Throw: Stone             |       |       |     3 |       |       ||     3
 Cast: Scorch            |    17 |    56 |    28 |     9 |     2 ||   112
       Blink             |       |       |       |       |     1 ||     1
Evoke: Wand              |       |       |     1 |     5 |     6 ||    12
  Use: Scroll            |     1 |     7 |    20 |     5 |    13 ||    46
       Potion            |       |       |       |       |    10 ||    10
 Stab: Paralysed         |       |       |     3 |     3 |       ||     6
       Sleeping          |       |       |     2 |    11 |    12 ||    25
Armor: Skin              |    18 |    48 |   146 |   279 |   532 ||  1023
Dodge: Dodged            |    27 |    80 |   132 |   301 |   634 ||  1174
Block: Buckler           |       |     5 |    50 |   108 |   217 ||   380

Table legend: (Time is in decaauts)
 A = Elapsed time spent in this place.
 B = Non-inter-level travel time spent in this place.
 C = Inter-level travel time spent in this place.
 D = Time resting spent in this place.
 E = Time spent auto-exploring this place.
 F = Levels seen in this place.
 G = Mean time per level.
                   A        B        C        D        E       F      G
               +--------+--------+--------+--------+--------+-----+--------+
         Total |  22312 |  20642 |   1670 |   2359 |  14052 |  21 | 1062.5 |
       Dungeon |  12680 |  11676 |   1004 |   1470 |   8255 |  11 | 1152.7 |
          Lair |   8522 |   7892 |    630 |    889 |   5209 |   6 | 1420.3 |
  Orcish Mines |    555 |    520 |     35 |      0 |    309 |   2 |  277.5 |
       Ossuary |    354 |    354 |      0 |      0 |    174 |   1 |  354.0 |
       Volcano |    199 |    199 |      0 |      0 |    105 |   1 |  199.0 |
               +--------+--------+--------+--------+--------+-----+--------+

Top non-repeatable levels by time:
  Lair:3: 1875 daAuts
     D:9: 1676 daAuts
     D:6: 1625 daAuts
  Lair:6: 1533 daAuts
  Lair:5: 1459 daAuts
  Lair:4: 1452 daAuts
     D:1: 1421 daAuts
  Lair:1: 1415 daAuts
     D:2: 1337 daAuts
     D:5: 1323 daAuts
     D:8: 1046 daAuts
     D:4: 1010 daAuts
     D:3: 930 daAuts
    D:11: 811 daAuts
  Lair:2: 787 daAuts
